 Dungeon Crawl Stone Soup version 0.24.0-13-gcf9b319 (webtiles) character file.

Game seed: 12906233372739718003, levelgen mode: deterministic

5830 shmeve the Cleaver (level 10, -1/141 HPs)
             Began as a Minotaur Berserker on Apr 9, 2020.
             Was a High Priest of Trog.
             Slain by an acid dragon (2 damage)
             ... on level 10 of the Dungeon.
             The game lasted 00:12:37 (9266 turns).

shmeve the Cleaver (Minotaur Berserker)             Turns: 9266, Time: 00:12:38

Health: -1/141     AC:  9    Str: 30    XL:     10   Next: 51%
Magic:  9/9        EV: 11    Int:  4    God:    Trog [*****.]
Gold:   660        SH:  0    Dex: 10    Spells: 9/9 levels left

rFire    . . .     SeeInvis .   J - +0 executioner's axe (venom)
rCold    . . .     Gourm    .   (shield currently unavailable)
rNeg     + . .     Faith    .   g - +0 chain mail
rPois    +         Spirit   .   (helmet restricted)
rElec    .         Reflect  .   q - +0 cloak
rCorr    .         Harm     .   e - +0 pair of gloves
MR       .....                  (no boots)
Stlth    ..........             H - amulet of the acrobat
HPRegen  0.33/turn              G - ring of positive energy
MPRegen  0.11/turn              y - ring of poison resistance

@: berserking (expiring), corroded, very quick
A: retaliatory headbutt, horns 2
a: Berserk, Trog's Hand, Brothers in Arms, Renounce Religion


You were on level 10 of the Dungeon.
You worshipped Trog.
Trog was extremely pleased with you.
You were hungry.

You visited 1 branch of the dungeon, and saw 10 of its levels.
You also visited: Ossuary.

You collected 660 gold pieces.

Inventory:

Hand Weapons
 B - a +0 war axe
 J - a +0 executioner's axe of venom (weapon)
Armour
 e - a +0 pair of gloves (worn)
 g - a +0 chain mail (worn)
 q - a +0 cloak (worn)
Jewellery
 s - an uncursed ring of flight
 y - a ring of poison resistance (right hand)
 G - a ring of positive energy (left hand)
 H - an amulet of the acrobat (around neck)
Wands
 a - a wand of disintegration (3)
 C - a wand of acid (12)
Scrolls
 b - 3 scrolls of blinking {unknown}
 d - 9 scrolls of identify
 f - 3 scrolls of magic mapping {unknown}
 j - 4 scrolls of noise {unknown}
 m - a scroll of enchant armour {unknown}
 n - 11 scrolls of teleportation {unknown}
 o - a scroll of amnesia {unknown}
 D - 2 scrolls of remove curse {unknown}
 E - a scroll of enchant weapon {unknown}
 I - a scroll of immolation {unknown}
Potions
 h - 5 potions of flight {unknown}
 i - 3 potions of lignification {unknown}
 k - 3 potions of heal wounds {unknown}
 l - 3 potions of might {unknown}
 p - 10 potions of curing
 r - 4 potions of agility
 t - 2 potions of invisibility {unknown}
 u - 4 potions of brilliance {unknown}
 v - a potion of degeneration {unknown}
 w - a potion of ambrosia {unknown}
 x - 2 potions of haste {unknown}
 z - a potion of mutation {unknown}
 A - a potion of magic {unknown}
 F - a potion of resistance {unknown}
Comestibles
 c - 15 rations
 K - 2 chunks of flesh


   Skills:
 * Level 10.4 Fighting
 * Level 11.1 Axes
 + Level 5.6 Throwing
 + Level 8.0 Armour
 + Level 6.2 Dodging
 - Level 1.1 Stealth


You had 9 spell levels left.
You didn't know any spells.
Your spell library was empty.

Dungeon Overview and Level Annotations

Branches:
Dungeon (10/15)            Temple (0/1) D:7         Ossuary (visited)
   Lair: D:8-11         Orc: D:9-12

Altars:
Ashenzari
Elyvilon
Hepliaklqana
Kikubaaqudgha
Qazlal
Vehumet
Wu Jian
Xom
Zin
The Shining One

Shops:
D:10 }


Innate Abilities, Weirdness & Mutations

You reflexively headbutt those who attack you in melee.
You have a pair of horns on your head.


Message History

The crocodile is poisoned.
The basilisk bites you! The acid dragon spits acid at you.
The splash of acid hits you!
* * * LOW HITPOINT WARNING * * *
You are splashed with acid!
* * * LOW HITPOINT WARNING * * *
The crocodile misses you. You furiously retaliate!
You headbutt the crocodile. The komodo dragon bites you!!
* * * LOW HITPOINT WARNING * * *
You slice the basilisk like a ripe choko!!!
You kill the basilisk!
Trog accepts your kill.
Your Armour skill increases to level 8!
You slice the acid dragon!!
The acid dragon is poisoned.
You barely miss the komodo dragon. You slash the crocodile!
You feel the power of Trog in you as your rage grows.
You kill the crocodile!
Trog accepts your kill. The acid dragon bites you.
You die...

.## # #... ## #
.....##.## ###
.......#l##### ###..
#...t.@.....## ####..##
#...#.D.†.....###.....#
. #.#)###.........###
###..#.##.#####.# #####
### ###


You could see a komodo dragon, a crocodile and an acid dragon.

Vanquished Creatures
  A centaur warrior (D:9)
  Joseph (D:9)
  A spriggan (D:9)
  A wraith (D:10)
  A wyvern (D:10)
  Eustachio (D:4)
  A basilisk (D:10)
  4 ice beasts
  A phantom (D:4)
  6 ogres
  A necrophage (D:7)
  3 centaurs
  A crocodile (D:10)
  A big kobold (D:7)
  4 bullfrogs
  A scorpion (D:5)
  10 killer bees
  3 howler monkeys
  7 wights
  2 crimson imps
  2 bullfrog zombies
  3 jellies
  A quasit (D:8)
  A bullfrog skeleton (D:10)
  6 orc priests
  6 hounds
  7 orc wizards
  Jessica (D:2)
  6 worker ants
  Natasha (thrice) (D:4)
  3 iguanas
  A big kobold zombie (Ossuary)
  A howler monkey zombie (D:8)
  8 mummies (Ossuary)
  2 worker ant zombies (D:5)
  Robin (D:4)
  6 adders
  4 gnolls (D:6)
  2 shadow imps
  4 worms
  3 leopard geckos
  24 orcs
  8 giant cockroaches
  2 gnoll zombies (Ossuary)
  8 hobgoblins
  9 jackals
  4 quokkas
  10 bats
  5 frilled lizards
  14 goblins
  A hobgoblin zombie (Ossuary)
  9 kobolds
  A kobold zombie (Ossuary)
  3 orc zombies (Ossuary)
  8 rats (D:1)
228 creatures vanquished.

Notes
Turn   | Place    | Note
-------+----------+-------------------------------------------
     0 | D:1      | shmeve the Minotaur Berserker began the quest for the Orb.
     0 | D:1      | Reached XP level 1. HP: 19/19 MP: 0/0
   451 | D:1      | Reached XP level 2. HP: 24/27 MP: 1/1
  1179 | D:2      | Reached ** piety under Trog
  1241 | D:2      | Reached skill level 4 in Axes
  1249 | D:2      | Found an ornate altar of the Wu Jian Council.
  1287 | D:2      | Reached XP level 3. HP: 31/34 MP: 2/2
  1626 | D:2      | Noticed Jessica
  1627 | D:2      | Killed Jessica
  1627 | D:2      | Reached skill level 1 in Throwing
  1627 | D:2      | Reached XP level 4. HP: 41/41 MP: 3/3
  2261 | D:3      | Noticed an angel
  2503 | D:3      | Noticed a centaur
  2517 | D:3      | Killed a centaur
  2517 | D:3      | Reached skill level 5 in Fighting
  2517 | D:3      | Reached skill level 5 in Axes
  2517 | D:3      | Reached skill level 1 in Stealth
  2517 | D:3      | Reached XP level 5. HP: 12/48 MP: 4/4
  2821 | D:3      | Found a shimmering altar of Xom.
  2821 | D:3      | Found a glowing silver altar of Zin.
  2953 | D:3      | Found a faded altar of an unknown god.
  3346 | D:4      | Reached skill level 6 in Axes
  3346 | D:4      | Reached XP level 6. HP: 37/56 MP: 5/5
  3528 | D:4      | Noticed Eustachio
  3545 | D:4      | Killed Eustachio
  3575 | D:4      | Noticed Natasha
  3582 | D:4      | Killed Natasha
  3599 | D:4      | Noticed Robin
  3601 | D:4      | Reached *** piety under Trog
  3604 | D:4      | Killed Robin
  3664 | D:4      | Found a sand-covered staircase.
  3669 | Ossuary  | Entered an ossuary
  3691 | Ossuary  | Reached XP level 7. HP: 50/61 MP: 6/6
  3875 | Ossuary  | Received a gift from Trog
  4110 | D:4      | Reached skill level 7 in Axes
  4110 | D:4      | Reached skill level 5 in Armour
  4190 | D:4      | Noticed Natasha
  4196 | D:4      | Killed Natasha
  4546 | D:4      | Noticed Natasha
  4551 | D:4      | Killed Natasha
  4828 | D:5      | Entered Level 5 of the Dungeon
  4929 | D:5      | Reached XP level 8. HP: 69/71 MP: 7/7
  4962 | D:5      | Found a shattered altar of Ashenzari.
  5107 | D:5      | Reached skill level 8 in Axes
  5157 | D:5      | Found a stormy altar of Qazlal.
  5157 | D:5      | Found an ancient bone altar of Kikubaaqudgha.
  5157 | D:5      | Found a glowing golden altar of the Shining One.
  5421 | D:5      | Reached **** piety under Trog
  6255 | D:6      | Found a white marble altar of Elyvilon.
  6275 | D:6      | Reached skill level 9 in Axes
  6279 | D:6      | Reached XP level 9. HP: 69/81 MP: 8/8
  6760 | D:6      | Reached ***** piety under Trog
  6979 | D:7      | Found a staircase to the Ecumenical Temple.
  7298 | D:7      | Reached skill level 5 in Dodging
  7837 | D:8      | Found a shattered altar of Ashenzari.
  7850 | D:8      | Received a gift from Trog
  7893 | D:8      | Found a radiant altar of Vehumet.
  8088 | D:8      | Reached skill level 10 in Axes
  8336 | D:9      | Noticed Joseph
  8346 | D:9      | Killed Joseph
  8361 | D:9      | Reached skill level 5 in Throwing
  8476 | D:9      | Reached XP level 10. HP: 91/91 MP: 9/9
  8615 | D:9      | Found a hazy altar of Hepliaklqana.
  8881 | D:9      | Noticed a centaur warrior
  8907 | D:9      | Killed a centaur warrior
  8907 | D:9      | Reached skill level 10 in Fighting
  8964 | D:10     | Entered Level 10 of the Dungeon
  9124 | D:10     | Reached skill level 11 in Axes
  9147 | D:10     | Found Mialod's Gadget Shop.
  9265 | D:10     | HP: 1/141 [komodo dragon (23)]
  9266 | D:10     | Slain by an acid dragon

Levels and vault maps discovered:
D:1:      matt_arrival_refuge, layout_basic, minmay_misc_feat_rows,
          lemuel_old_faithful
D:2:      layout_basic, lemuel_doored_altar, uniq_jessica
D:3:      layout_basic, grunt_temple_overflow_order_and_chaos_1, first_ration,
          chequers_ecumenical_altar_grove
D:4:      layout_basic, enter_ossuary_5, uniq_eustachio, uniq_robin,
          uniq_natasha
D:5:      layout_loops_cross, gammafunk_temple_overflow_forgotten, basic_altar,
          chequers_jeans
D:6:      layout_basic, lemuel_round_altar, minmay_misc_feat_rugged
D:7:      layout_basic, minmay_temple_entry_mini_moons
D:8:      layout_loops_ring, cheibrodos_ashenzari_chains, basic_altar
D:9:      layout_loops_cross, nicolae_overflow_hidden_temple, the_bakery,
          uniq_joseph
D:10:     layout_small_grid, erik_lair_dragon, serial_shops, shop_fountains

Skill      XL: |  1  2  3  4  5  6  7  8  9 10 |
---------------+-------------------------------+-----
Fighting       | 4 5 6 7 9 10 | 10.4
Axes           | 4 5 6 7 9 10 11 | 11.1
Throwing       | 1 2 3 5 |  5.6
Armour         | 3 4 5 6 7 8 |  8.0
Stealth        | 1 |  1.1
Dodging        | 3 4 5 6 |  6.2

Action                   |  1- 3 |  4- 6 |  7- 9 | 10-12 || total
-------------------------+-------+-------+-------+-------++-------
Melee: Hand axe          |    68 |   125 |   141 |       ||   334
       Headbutt          |     4 |    25 |    67 |     8 ||   104
       War axe           |       |       |   139 |       ||   139
       Executioner's axe |       |       |    33 |    47 ||    80
Invok: Berserk           |       |     1 |     5 |     1 ||     7
  Use: Scroll            |       |       |     4 |       ||     4
  Eat: Chunk             |     2 |     4 |    19 |     4 ||    29
       Ration            |       |     1 |       |       ||     1
Armor: Animal skin       |     7 |       |       |       ||     7
       Chain mail        |    27 |    52 |   192 |    40 ||   311
Dodge: Dodged            |    47 |    55 |   200 |    46 ||   348
